 Dungeon Crawl Stone Soup version 0.27-a0-1529-g1e82c303ef (webtiles) character file.

Game seed: 7517253331215898650

44 funkygono the Shield-Bearer (level 3, -5/52 HPs)
             Began as a Gnoll Fighter on July 11, 2021.
             Killed by nerve-wracking pain
             ... invoked by an orc priest
              (7 damage)
             ... on level 3 of the Dungeon.
             The game lasted 00:02:20 (1772 turns).

funkygono the Shield-Bearer (Gnoll Fighter)         Turns: 1772, Time: 00:02:21

Health: -5/52      AC: 10    Str: 16    XL:     3   Next: 60%
Magic:  4/4        EV:  8    Int:  7    God:
Gold:   80         SH: 10    Dex: 11    Spells: 3/3 levels left

rFire    . . .     SeeInvis .   a - +2 long sword
rCold    . . .     Faith    .   c - +0 kite shield
rNeg     . . .     Spirit   .   b - +0 scale mail
rPois    .         Reflect  .   k - +1 helmet
rElec    .         Harm     .   (no cloak)
rCorr    .         Rampage  .   (no gloves)
Will     .....                  (no boots)
Stlth    ..........             (no amulet)
HPRegen  0.17/turn              (no ring)
MPRegen  0.09/turn              (no ring)

@: berserking, very quick
A: fangs 1, strong nose, distributed training
a: no special abilities


You were on level 3 of the Dungeon.
You visited 1 branch of the dungeon, and saw 3 of its levels.

You collected 80 gold pieces.

Inventory:

Hand Weapons
 a - a +2 long sword (weapon)
 l - a +5 dagger of electrocution
Armour
 b - a +0 scale mail (worn)
 c - a +0 kite shield (worn)
 k - a +1 helmet (worn)
Scrolls
 g - a scroll of identify
Potions
 d - 2 potions of might
 e - a potion of curing
 f - a potion of lignification
 m - a potion of mutation


   Skills:
 + Level 6.5 Fighting
 + Level 0.9 Short Blades
 + Level 4.5 Long Blades
 + Level 0.9 Axes
 + Level 0.9 Maces & Flails
 + Level 0.9 Polearms
 + Level 0.9 Staves
 + Level 0.9 Slings
 + Level 0.9 Bows
 + Level 0.9 Crossbows
 + Level 0.9 Throwing
 + Level 6.5 Armour
 + Level 0.9 Dodging
 + Level 0.9 Stealth
 + Level 6.5 Shields
 + Level 0.9 Unarmed Combat
 + Level 0.9 Spellcasting
 + Level 0.6 Conjurations
 + Level 0.6 Hexes
 + Level 0.6 Summonings
 + Level 0.6 Necromancy
 + Level 0.6 Translocations
 + Level 0.6 Transmutations
 + Level 0.6 Fire Magic
 + Level 0.6 Ice Magic
 + Level 0.6 Air Magic
 + Level 0.6 Earth Magic
 + Level 0.6 Poison Magic
 + Level 1.0 Invocations
 + Level 0.9 Evocations


You had 3 spell levels left.
You didn't know any spells.
Your spell library was empty.

Dungeon Overview and Level Annotations

Branches:
Dungeon (3/15)

Altars:
Nemelex Xobeh
Zin


Innate Abilities, Weirdness & Mutations

You have very sharp teeth.
Your uncanny sense of smell can sniff out nearby items.
Your experience applies equally to all skills.


Message History

You block the orc's attack.
You hit the orc priest.
You bite the orc priest, but do no damage.
The orc priest is moderately wounded.
The orc priest hits you but does no damage.
The orc barely misses you.
You hit the orc priest.
The orc priest is heavily wounded.
The orc priest barely misses you. You block the orc's attack.
You block the orc priest's attack.
You barely miss the orc priest.
The orc priest is heavily wounded.
The orc barely misses you.
You riposte.
You barely miss the orc.
The orc priest calls down the wrath of Beogh upon you.
Pain shoots through your body! The orc barely misses you.
You completely miss the orc priest. You bite the orc priest.
The orc priest is heavily wounded.
You block the orc priest's attack. You block the orc's attack.
You closely miss the orc priest. Your bite misses the orc priest.
The orc priest is heavily wounded.
The orc priest hits you with a +0 trident.
The orc hits you with a +0 mace.
* * * LOW HITPOINT WARNING * * *
The orc priest closely misses you. The orc barely misses you.
Unknown command.
You closely miss the orc priest.
The orc priest is heavily wounded.
The orc priest hits you with a +0 trident.
* * * LOW HITPOINT WARNING * * *
You block the orc's attack.
A red film seems to cover your vision as you go berserk!
You feel yourself moving faster!
You feel mighty!
The orc priest invokes the aid of Beogh against you.
You barely resist. The orc hits you with a +0 mace.
* * * LOW HITPOINT WARNING * * *
You closely miss the orc priest.
The orc priest is heavily wounded.
The orc priest invokes the aid of Beogh against you.
Pain shoots through your body!
You die...

^.. #...
.^..#######..#
#...........#
∆#..(....###..#
#
#<..........##
##!.#######..
#..†........∆
#..#o###.#.#
#..#@o...#
##.#.._..#
#.#.....#
#.#.###.#
#...........#
#.#######.#...#
#. ... ## # ...
.#..^


You could see an orc priest and an orc.

Vanquished Creatures
  A worm (D:2)
  A dart slug (D:2)
  An orc (D:3)
  An endoplasm (D:1)
  4 giant cockroaches
  4 goblins
  3 hobgoblins
  3 jackals (D:2)
  5 ball pythons
  2 bats
  2 frilled lizards
  2 kobolds
  5 rats
34 creatures vanquished.

Notes
Turn   | Place    | Note
-------+----------+-------------------------------------------
     0 | D:1      | funkygono the Gnoll Fighter began the quest for the Orb.
     0 | D:1      | Reached XP level 1. HP: 23/23 MP: 1/1
   239 | D:1      | Reached XP level 2. HP: 29/29 MP: 2/2
   354 | D:1      | Found a faded altar of an unknown god.
   861 | D:2      | Found a glowing silver altar of Zin.
   974 | D:2      | Reached XP level 3. HP: 35/35 MP: 3/3
  1433 | D:2      | Reached skill level 1 in Invocations
  1730 | D:3      | Found a sparkling altar of Nemelex Xobeh.
  1771 | D:3      | HP: 2/52 [orc (4)]
  1772 | D:3      | Killed from afar by an orc priest

Illustrated notes

Levels and vault maps discovered:
D:1:      heliophobic_arrival_dark_side_of_the_moon, layout_basic,
          shapermc_ecumenical_altar_mp_highgroup, hex_intersection, st_stairs_2,
          patterned_corridor
D:2:      layout_loops_corners, basic_altar
D:3:      layout_rooms, grunt_qazlal_sundering,
          mainiacjoe_overflow_cross_hatched, kennysheep_potato

Skill      XL: |  1  2  3 |
---------------+----------+-----
Invocations    | 1 |  1.0
Fighting       | |  6.5
Short Blades   | |  0.9
Long Blades    | |  4.5
Axes           | |  0.9
Maces & Flails | |  0.9
Polearms       | |  0.9
Staves         | |  0.9
Slings         | |  0.9
Bows           | |  0.9
Crossbows      | |  0.9
Throwing       | |  0.9
Armour         | |  6.5
Dodging        | |  0.9
Stealth        | |  0.9
Shields        | |  6.5
Unarmed Combat | |  0.9
Spellcasting   | |  0.9
Conjurations   | |  0.6
Hexes          | |  0.6
Summonings     | |  0.6
Necromancy     | |  0.6
Translocations | |  0.6
Transmutations | |  0.6
Fire Magic     | |  0.6
Ice Magic      | |  0.6
Air Magic      | |  0.6
Earth Magic    | |  0.6
Poison Magic   | |  0.6
Evocations     | |  0.9

Action                   || total
-------------------------++-------
Melee: Long sword        ||   109
       Bite              ||    11
  Use: Scroll            ||    10
       Potion            ||     1
Armor: Scale mail        ||    39
Dodge: Dodged            ||    39
Block: Kite shield       ||    66
       Rpst.: Long sword ||    14

Table legend: (Time is in decaauts)
 A = Elapsed time spent in this place.
 B = Non-inter-level travel time spent in this place.
 C = Inter-level travel time spent in this place.
 D = Time resting spent in this place.
 E = Time spent auto-exploring this place.
 F = Levels seen in this place.
 G = Mean time per level.
                   A        B        C        D        E       F      G
               +--------+--------+--------+--------+--------+-----+--------+
         Total |   1808 |   1685 |    123 |      0 |   1382 |   3 |  602.7 |
       Dungeon |   1808 |   1685 |    123 |      0 |   1382 |   3 |  602.7 |
               +--------+--------+--------+--------+--------+-----+--------+

Top non-repeatable levels by time:
     D:2: 971 daAuts
     D:1: 789 daAuts
     D:3: 47 daAuts
